 Dungeon Crawl Stone Soup version 0.18-a0-1413-g4eaa9ac (webtiles) character file.

9462 Kidiri the Thaumaturge (level 11, -7/62 HPs)
             Began as a Deep Elf Fire Elementalist on Feb 25, 2016.
             Was a Follower of Vehumet.
             Mangled by a troll (12 damage)
             ... on level 11 of the Dungeon.
             The game lasted 00:39:01 (12634 turns).

Kidiri the Thaumaturge (DEFE)                      Turns: 12634, Time: 00:39:02

Health: -7/62      AC:  8    Str:  5    XL:     11   Next: 23%
Magic:  2/26       EV: 17    Int: 24    God:    Vehumet [*.....]
Gold:   195        SH:  0    Dex: 17    Spells: 11 memorised, 2 levels left

rFire  + . .     SeeInvis .     v - +4 dagger (speed)
rCold  + . .     Gourm    .     w - +0 robe {rC+ rF+}
rNeg   . . .     Faith    +     (no shield)
rPois  .         Spirit   .     (no helmet)
rElec  .         Dismiss  .     a - +0 cloak
rCorr  .         Reflect  .     d - +2 pair of gloves
SustAt .         Harm     .     (no boots)
MR     +....     Clarity  +     K - amulet of faith
Stlth  ++++......               (no ring)
                                (no ring)

@: somewhat resistant to hostile enchantments, stealthy
A: slimy green scales 1, agile 1, clarity, low mp 1, regeneration 1
a: Renounce Religion


You were on level 11 of the Dungeon.
You worshipped Vehumet.
Vehumet was aware of your devotion.
You were not hungry.

You visited 3 branches of the dungeon, and saw 13 of its levels.

You collected 755 gold pieces.
You spent 560 gold pieces at shops.

Inventory:

Hand Weapons
 v - a +4 dagger of speed (weapon)
Missiles
 A - a throwing net (quivered)
Armour
 a - a +0 cloak (worn)
 d - a +2 pair of gloves (worn)
 w - a +0 robe of resistance (worn)
Jewellery
 K - an amulet of faith (around neck)
Wands
 s - a wand of flame (34/48)
 u - a wand of slowing (31/48)
 C - a wand of polymorph (12/24)
 I - a wand of flame (14/48)
Scrolls
 i - a scroll of remove curse
 j - 4 scrolls of amnesia
 o - 4 scrolls of immolation
 p - 2 scrolls of recharging
 y - a scroll of magic mapping
 B - 3 scrolls of enchant armour
 D - 2 scrolls of torment
 E - a scroll of teleportation
Potions
 f - a potion of cancellation
 h - a potion of agility
 k - a potion of curing
 m - 3 potions of cure mutation
 q - 3 potions of might
 r - a potion of lignification
 t - a potion of haste
 z - 2 potions of berserk rage
Books
 b - a book of Flames

   Spells                             Type                      Level
   a - Flame Tongue                   Conjuration/Fire             1
   b - Throw Flame                    Conjuration/Fire             2
   c - Conjure Flame                  Conjuration/Fire             3
   d - Inner Flame                    Hexes/Fire                   3
   e - Sticky Flame                   Conjuration/Fire             4
   f - Fireball                       Conjuration/Fire             5
 e - a book of Dreams

   Spells                             Type                      Level
   a - Ensorcelled Hibernation        Hexes/Ice                    2
   b - Silence                        Hexes/Air                    5
   c - Darkness                       Hexes                        6
   d - Mass Confusion                 Hexes                        6
   e - Shadow Creatures               Summoning                    6
 J - a book of Battle

   Spells                             Type                      Level
   a - Infusion                       Charms                       1
   b - Shroud of Golubria             Charms/Translocation         2
   c - Song of Slaying                Charms                       2
   d - Spectral Weapon                Hexes/Charms                 3
   e - Regeneration                   Charms/Necromancy            3
Comestibles
 c - 8 bread rations
 g - 2 beef jerkies
 l - 3 meat rations
 n - 3 slices of pizza
 x - 3 chunks of flesh
 G - 14 fruits


   Skills:
 + Level 4.8 Fighting
 + Level 7.6 Dodging
 + Level 8.5 Stealth
 * Level 12.0 Spellcasting
 + Level 6.4 Conjurations
 + Level 7.6 Hexes
 + Level 3.3 Charms
 + Level 1.4 Necromancy
 + Level 2.1 Translocations
 + Level 7.3 Fire Magic


You had 2 spell levels left.
You knew the following spells:

 Your Spells              Type           Power        Failure   Level  Hunger
a - Flame Tongue          Conj/Fire      #####        1%          1    None
b - Throw Flame           Conj/Fire      #####.       1%          2    None
c - Conjure Flame         Conj/Fire      #####...     1%          3    None
d - Inner Flame           Hex/Fire       ######..     1%          3    None
e - Sticky Flame          Conj/Fire      #####...     2%          4    None
f - Fireball              Conj/Fire      #####.....   10%         5    ###....
g - Confuse               Hex            ######..     1%          3    None
h - Dazzling Spray        Conj/Hex       #####...     1%          3    None
i - Tukima's Dance        Hex            ######..     1%          3    None
j - Shroud of Golubria    Chrm/Tloc      ####......   1%          2    None
k - Regeneration          Chrm/Necr      ####......   6%          3    None


Dungeon Overview and Level Annotations

Branches:
Dungeon (11/15)            Temple (1/1) D:4            Lair (0/8) D:11
    Orc (1/2) D:9

Altars:
Ashenzari
Cheibriados
Dithmenos
Elyvilon
Fedhas
Gozag
Kikubaaqudgha
Makhleb
Nemelex Xobeh
Okawaru
Pakellas
Qazlal
Ru
Sif Muna
Trog
Vehumet
Xom
Yredelemnul
Zin
The Shining One

Shops:
D:7 %   D:10 *


Innate Abilities, Weirdness & Mutations

You are partially covered in slimy green scales (AC +2).
You are agile. (Dex +2)
You possess an exceptional clarity of mind.
Your magical capacity is low (-10% MP).
Your natural rate of healing is unusually fast.


Message History

Aiming: Flame Tongue
Press: ? - help, Shift-Dir - straight line, f/p - troll
Aim: a troll (heavily wounded)
The flame tongue hits the troll.
The troll is heavily wounded.
The troll bites you but does no damage. The troll claws you.
The troll closely misses you.
Casting: Flame Tongue
Confirm with . or Enter, or press ? or * to list all spells.
Aiming: Sticky Flame
Press: ? - help, Shift-Dir - straight line, f/p - troll
Aim: a troll (heavily wounded)
The sticky flame hits the troll.
The troll appears unharmed.
The troll is heavily wounded.
The troll is covered in liquid flames!
The troll burns!
The troll bites you!
* * * LOW HITPOINT WARNING * * *
The troll claws you!
* * * LOW HITPOINT WARNING * * *
The troll claws you!
You die...

#......... #........# ....
.........+ .......
.........# #.......
.........# #....8..
.........# #.......
.........########.......
.......@T.))............
##########).........>..#
#.............#
#z............#
#.z##########.#
#z.#........#..
#.)#........#.. ######
#..#.......##..
..###....####†.#.......'...


You could see a troll (burning).

Vanquished Creatures
  Urug (Orc:1)
  An unseen horror (D:10)
  Pikel (D:5)
  An ugly thing (D:11)
  2 centaur skeletons (D:10)
  Psyche (D:9)
  The ghost of Kidiri the Magician, a novice DEFE (D:5)
  2 trolls
  6 yaks (D:10)
  A hungry ghost (D:8)
  2 hippogriffs
  2 wargs
  A mottled dragon (D:11)
  Duvessa (D:5)
  2 water moccasins
  3 orc warriors
  4 slaves (D:5)
  A black bear (D:6)
  4 ice beasts
  A necrophage (D:5)
  A sky beast (D:8)
  6 ogres
  A phantom (D:8)
  2 centaurs (D:6)
  Blork the orc (D:5)
  2 big kobolds
  6 giant frogs
  Dowan (D:5)
  3 scorpions
  4 wights (D:11)
  A howler monkey (D:5)
  3 crimson imps
  4 jellies
  4 orc priests
  11 orc wizards
  6 hounds
  2 iguanas
  6 worker ants
  A killer bee zombie (D:8)
  A hound zombie (D:6)
  2 hound skeletons
  4 gnolls (D:4)
  A howler monkey skeleton (D:4)
  9 adders
  2 shadow imps
  3 adder skeletons
  3 adder zombies
  A worm (D:2)
  A giant gecko (D:6)
  38 orcs
  6 bats
  4 giant cockroaches
  6 goblins
  6 hobgoblins
  9 jackals
  12 kobolds
  2 quokkas (D:2)
  3 ball pythons
  A giant gecko skeleton (D:5)
  2 giant newts
  A jackal zombie (D:6)
  2 quokka zombies (D:6)
  15 rats
237 creatures vanquished.

Vanquished Creatures (collateral kills)
  2 orc warriors (Orc:1)
  An orc wizard (Orc:1)
3 creatures vanquished.

Grand Total: 240 creatures vanquished

Notes
Turn   | Place    | Note
--------------------------------------------------------------
     0 | D:1      | Kidiri the Deep Elf Fire Elementalist began the quest for the Orb.
     0 | D:1      | Reached XP level 1. HP: 10/10 MP: 6/6
   229 | D:1      | Reached XP level 2. HP: 15/15 MP: 6/8
   233 | D:1      | Learned a level 2 spell: Throw Flame
   920 | D:1      | Reached XP level 3. HP: 11/19 MP: 0/10
   925 | D:1      | Learned a level 3 spell: Conjure Flame
   929 | D:1      | Learned a level 3 spell: Inner Flame
  1271 | D:2      | Reached skill level 4 in Spellcasting
  1936 | D:2      | Reached skill level 1 in Hexes
  2056 | D:3      | Reached XP level 4. HP: 22/24 MP: 0/12
  3063 | D:4      | Reached skill level 1 in Fighting
  3063 | D:4      | Reached XP level 5. HP: 27/29 MP: 2/13
  3189 | D:4      | Learned a level 4 spell: Sticky Flame
  3365 | D:4      | Found a staircase to the Ecumenical Temple.
  3375 | Temple   | Entered the Ecumenical Temple
  3454 | D:4      | Reached skill level 5 in Spellcasting
  3730 | D:4      | Found a shimmering altar of Xom.
  3895 | D:5      | Entered Level 5 of the Dungeon
  3898 | D:5      | Reached XP level 6. HP: 34/34 MP: 10/16
  3989 | D:5      | Found a deep blue altar of Sif Muna.
  3996 | D:5      | Noticed Pikel
  3998 | D:5      | Noticed a slave
  3998 | D:5      | Noticed a slave
  3998 | D:5      | Noticed a slave
  3998 | D:5      | Noticed a slave
  4013 | D:5      | Killed a slave
  4013 | D:5      | Killed a slave
  4013 | D:5      | Killed Pikel
  4013 | D:5      | Reached skill level 6 in Spellcasting
  4013 | D:5      | Reached XP level 7. HP: 38/40 MP: 1/18
  4153 | D:5      | Noticed Kidiri's ghost (novice DEFE)
  4263 | D:5      | Learned a level 5 spell: Fireball
  4283 | D:5      | Noticed Blork the orc
  4292 | D:5      | Killed Blork the orc
  4292 | D:5      | Reached skill level 7 in Spellcasting
  4567 | D:5      | Noticed Dowan
  4576 | D:5      | Noticed Duvessa
  4586 | D:5      | Killed Duvessa
  4586 | D:5      | Reached XP level 8. HP: 44/44 MP: 1/21
  4586 | D:5      | Killed Dowan
  4586 | D:5      | Reached skill level 5 in Fire Magic
  4822 | D:5      | Reached skill level 5 in Dodging
  4822 | D:5      | Reached skill level 5 in Stealth
  5118 | D:5      | Killed Kidiri's ghost
  5118 | D:5      | Reached skill level 8 in Spellcasting
  5805 | D:6      | Reached XP level 9. HP: 36/50 MP: 18/23
  5947 | D:6      | Found a blossoming altar of Fedhas.
  5958 | D:6      | Reached skill level 5 in Hexes
  6530 | D:6      | Reached skill level 9 in Spellcasting
  7283 | D:7      | Found Taenauh's Food Shop.
  7623 | D:7      | Reached skill level 5 in Conjurations
  8023 | D:7      | Identified a scroll of acquirement
  8253 | D:8      | Learned a level 3 spell: Confuse
  8257 | D:8      | Learned a level 3 spell: Dazzling Spray
  8261 | D:8      | Learned a level 3 spell: Tukima's Dance
  8426 | D:8      | Found a burning altar of Makhleb.
  8457 | D:8      | Reached skill level 10 in Spellcasting
  8723 | D:8      | Found a glowing silver altar of Zin.
  8869 | D:8      | Gained mutation: You are partially covered in slimy green scales (AC +2). [mutagenic meat]
  8870 | D:8      | Gained mutation: Your natural rate of healing is unusually fast. [mutagenic meat]
  8871 | D:8      | Gained mutation: Your mind is acute. (Int +2) [mutagenic meat]
  8872 | D:8      | Gained mutation: Your magical capacity is low (-10% MP). [mutagenic meat]
  8873 | D:8      | Gained mutation: Your flesh is heat resistant. [mutagenic meat]
  8874 | D:8      | Lost mutation: Your flesh is heat resistant. [mutagenic meat]
  9119 | D:9      | Noticed a troll
  9133 | D:9      | Killed a troll
  9133 | D:9      | Reached XP level 10. HP: 45/56 MP: 15/23
  9378 | D:9      | Found a staircase to the Orcish Mines.
  9502 | D:9      | Noticed Psyche
  9506 | D:9      | Killed Psyche
  9676 | D:9      | Found a sacrificial altar of Ru.
  9676 | D:9      | Found an oddly glowing altar of Pakellas.
  9676 | D:9      | Found a white marble altar of Elyvilon.
  9676 | D:9      | Found an opulent altar of Gozag.
  9682 | D:9      | Found a glowing golden altar of the Shining One.
  9682 | D:9      | Found a radiant altar of Vehumet.
  9694 | D:9      | Became a worshipper of Vehumet
 10164 | Orc:1    | Entered Level 1 of the Orcish Mines
 10242 | Orc:1    | Noticed Urug
 10271 | Orc:1    | Killed Urug
 10271 | Orc:1    | Reached skill level 11 in Spellcasting
 10571 | Orc:1    | Noticed an orc warlord
 10601 | Orc:1    | Noticed an orc knight
 10720 | D:10     | Entered Level 10 of the Dungeon
 10988 | D:10     | Found Atwiz's Assorted Antiques.
 10996 | D:10     | Bought a thin metal-bound book for 420 gold pieces
 10996 | D:10     | Bought a glowing bone amulet for 140 gold pieces
 10999 | D:10     | Learned a level 2 spell: Shroud of Golubria
 11094 | D:10     | Noticed an unseen horror
 11095 | D:10     | Reached skill level 1 in Charms
 11101 | D:10     | Killed an unseen horror
 11101 | D:10     | Reached skill level 1 in Translocations
 11227 | D:10     | Learned a level 3 spell: Regeneration
 11262 | D:10     | Reached * piety under Vehumet
 11262 | D:10     | Offered knowledge of Magic Dart by Vehumet.
 11347 | D:10     | Gained mutation: You possess an exceptional clarity of mind. [potion of mutation]
 11347 | D:10     | Gained mutation: You are agile. (Dex +2) [potion of mutation]
 11347 | D:10     | Lost mutation: Your mind is acute. (Int +2) [potion of mutation]
 11520 | D:10     | Reached XP level 11. HP: 62/62 MP: 6/26
 11865 | D:10     | Reached skill level 1 in Necromancy
 12475 | D:11     | Noticed a green ugly thing
 12551 | D:11     | Found a staircase to the Lair.
 12562 | D:11     | Killed a green ugly thing
 12562 | D:11     | Reached skill level 12 in Spellcasting
 12634 | D:11     | Mangled by a troll

Vault maps used:
D:1:      dpeg_arrival_ratfight
D:2:      first_bread, grunt_ministairs_8
D:4:      xom_butterflies, minmay_temple_entry_butterflies
D:5:      kennysheep_little_box, uniq_duvessa, uniq_blork_the_orc, uniq_pikel
D:6:      fedhas_altar_1, grunt_ministairs_10
D:7:      serial_shops, shop
D:8:      nicolae_overflow_crystal_walls, basic_altar
D:9:      minmay_overflow_temple_hex, blue_anna_alchemist, uniq_psyche
D:10:     serial_shops, shop
D:11:     lair_0_dummy, serial_column_ruins, column_ruins_hut_pillars,
          column_ruins_square_medium, column_ruins_columns_dead_end,
          column_ruins_corridor_straight, column_ruins_open_medium,
          column_ruins_open_medium, column_ruins_grid_3, column_ruins_grid_1,
          column_ruins_grid_4
Temple:   eino_wide_crystal_templ_10
Orc:1:    basic_altar, portal_ice_cave_entry_animals_and_master, serial_shops,
          nicolae_shop_behind_doors, uniq_urug

Skill      XL: |  1  2  3  4  5  6  7  8  9 10 11 |
---------------+----------------------------------+-----
Spellcasting   | 4 5 6 7 8 10 11 12 | 12.0
Hexes          | 1 2 3 4 6 7 |  7.6
Conjurations   | 2 3 4 5 6 |  6.4
Stealth        | 3 4 5 7 8 |  8.5
Dodging        | 3 4 5 6 7 |  7.6
Fighting       | 1 2 3 4 |  4.8
Fire Magic     | 4 5 6 7 |  7.3
Charms         | 2 3 |  3.3
Translocations | 1 2 |  2.1
Necromancy     | 1 |  1.4

Action                   |  1- 3 |  4- 6 |  7- 9 | 10-12 || total
-------------------------+-------+-------+-------+-------++-------
Melee: Unarmed           |     1 |       |       |       ||     1
       Dagger            |    12 |     6 |    58 |    54 ||   130
 Cast: Flame Tongue      |    45 |    30 |   191 |   160 ||   426
       Throw Flame       |    33 |    24 |    47 |    38 ||   142
       Conjure Flame     |     1 |     2 |     8 |    11 ||    22
       Inner Flame       |       |     2 |     6 |     7 ||    15
       Sticky Flame      |       |       |    17 |    18 ||    35
       Dazzling Spray    |       |       |     2 |     1 ||     3
       Tukima's Dance    |       |       |       |     2 ||     2
       Confuse           |       |       |       |     1 ||     1
  Use: Scroll            |       |    11 |     6 |     4 ||    21
       Potion            |       |     7 |       |     8 ||    15
 Stab: Sleeping          |     1 |       |     8 |     6 ||    15
       Distracted        |       |       |     1 |       ||     1
       Invisible         |       |       |     1 |     1 ||     2
  Eat: Chunk             |     4 |     7 |    15 |     3 ||    29
       Fruit             |       |       |     5 |    10 ||    15
       Royal jelly       |       |       |     1 |       ||     1
       Beef jerky        |       |       |       |     1 ||     1
